 Dungeon Sprint DCSS version 0.22.1-6-g1668fe2 (webtiles) character file.

16 doot the Conjurer (level 2, -2/22 HPs)
             Began as a Tengu Conjurer on Jan 28, 2019.
             Was a Believer of Vehumet.
             Slain by a black bear (3 damage)
             ... in the Dungeon (Sprint VII: "The Pits").
             The game lasted 00:01:14 (260 turns).

doot the Conjurer (Tengu Conjurer)                   Turns: 260, Time: 00:01:15

Health: -2/22      AC:  2    Str: 13    XL:     2   Next: 54%
Magic:  5/6        EV: 13    Int: 15    God:    Vehumet [**....]
Gold:   0          SH:  0    Dex: 14    Spells: 3/6 levels left

rFire    . . .     SeeInvis .   b - +2 trident
rCold    . . .     Gourm    .   (no shield)
rNeg     . . .     Faith    .   a - +0 robe
rPois    .         Spirit   .   (helmet restricted)
rElec    .         Reflect  .   (no cloak)
rCorr    .         Harm     .   (no gloves)
MR       .....     NoTele   +   (boots unavailable)
Stlth    ..........             (no amulet)
HPRegen  0.07/turn              (no ring)
MPRegen  0.10/turn              (no ring)

@: berserking, very quick
A: beak, talons 3
a: Renounce Religion


You were in the Dungeon.
You worshipped Vehumet.
Vehumet was pleased with you.
You were not hungry.

You visited 1 branch

Inventory:

Hand Weapons
 b - a +2 trident (weapon)
Armour
 a - a +0 robe (worn)
Scrolls
 i - a scroll of blinking
 k - 3 scrolls of remove curse
 l - 5 scrolls of amnesia
 m - a scroll of summoning
Potions
 d - a potion of curing
 e - a potion of heal wounds
 f - a potion of haste
 g - 4 potions of magic
 h - 2 potions of berserk rage
 j - 2 potions of invisibility
Comestibles
 c - 9 rations
 n - 2 chunks of flesh


   Skills:
 + Level 2.5 Dodging
 + Level 2.5 Stealth
 + Level 2.6 Spellcasting
 + Level 7.6 Conjurations


You had 3 spell levels left.
You knew the following spells:

 Your Spells              Type           Power        Failure   Level  Hunger
a - Magic Dart            Conj           ###.         1%          1    #......
b - Searing Ray           Conj           ###...       1%          2    ##.....

Your spell library contained the following spells:

 Spells                   Type           Power        Failure   Level  Hunger
 Sting                    Conj/Pois      ##..         4%          1    #......
 Dazzling Spray           Conj/Hex       ##....       13%         3    ###....
 Iskenderun's Mystic Bla  Conj           ###.....     9%          4    #####..
 Force Lance              Conj/Tloc      ##......     41%         4    #####..
 Fulminant Prism          Conj/Hex       ##........   41%         4    #####..


Dungeon Overview and Level Annotations

Branches:
Dungeon (1/1)

Altars:
Ashenzari
Cheibriados
Dithmenos
Elyvilon
Fedhas
Gozag
Hepliaklqana
Kikubaaqudgha
Makhleb
Nemelex Xobeh
Okawaru
Qazlal
Ru
Sif Muna
Trog
Uskayaw
Vehumet
Wu Jian
Xom
Yredelemnul
Zin
The Shining One
Beogh
Jiyva
Lugonu


Innate Abilities, Weirdness & Mutations

You have a beak for a mouth.
You have claws for feet.


Message History

Attack whom?
Press: ? - help, Dir - move target cursor, f/p - black bear
Aim: a black bear (lightly wounded)
You reach to attack!
You barely miss the black bear.
The black bear is lightly wounded.
You hit the black bear. Your kick misses the black bear.
The black bear is lightly wounded.
The black bear bites you. The black bear barely misses you.
The black bear claws you. The black bear bites you. The black bear claws you.
You hit the black bear but do no damage.
You claw the black bear. Your peck misses the black bear.
The black bear is lightly wounded.
The black bear bites you.
* * * LOW HITPOINT WARNING * * *
The black bear barely misses you. The black bear closely misses you.
A red film seems to cover your vision as you go berserk!
You feel yourself moving faster!
You feel mighty! The black bear bites you.
* * * LOW HITPOINT WARNING * * *
The black bear claws you.
You die...

##########.##...........
#..........)'...........
#+#####'#####......#..#.
#..)..##...........
#####'#####'#####++
#.....##.......#
#.....##.......#
###'####.......#
#.h@..##...<...#
#........##.......#
#........##.......#
###########.......#
#########


You could see a black bear.

Vanquished Creatures
  A gnoll (D)
  A goblin (D)
  A hobgoblin (D)
  A ball python (D)
  2 frilled lizards (D)
  A leopard gecko skeleton (D)
  A rat (D)
8 creatures vanquished.

Notes
Turn   | Place    | Note
-------+----------+-------------------------------------------
     0 | D        | doot the Tengu Conjurer began the quest for the Orb.
     0 | D        | Reached XP level 1. HP: 10/10 MP: 4/4
    14 | D        | Reached skill level 7 in Conjurations
    14 | D        | Reached XP level 2. HP: 6/15 MP: 0/6
    19 | D        | Found a bloodstained altar of Trog.
    19 | D        | Found a deep blue altar of Sif Muna.
    19 | D        | Found a viscous altar of Jiyva.
    19 | D        | Found a hazy altar of Hepliaklqana.
    19 | D        | Found an opulent altar of Gozag.
    20 | D        | Found a glowing golden altar of the Shining One.
    20 | D        | Found a glowing silver altar of Zin.
    20 | D        | Found a basalt altar of Yredelemnul.
    20 | D        | Found a shimmering altar of Xom.
    20 | D        | Found an ornate altar of the Wu Jian Council.
    20 | D        | Found a sacrificial altar of Ru.
    20 | D        | Found a stormy altar of Qazlal.
    20 | D        | Found an iron altar of Okawaru.
    20 | D        | Found a sparkling altar of Nemelex Xobeh.
    20 | D        | Found a burning altar of Makhleb.
    20 | D        | Found a blossoming altar of Fedhas.
    20 | D        | Found a white marble altar of Elyvilon.
    20 | D        | Found a shadowy altar of Dithmenos.
    20 | D        | Found a snail-covered altar of Cheibriados.
    21 | D        | Found a radiant altar of Vehumet.
    21 | D        | Found a corrupted altar of Lugonu.
    21 | D        | Found a roughly hewn altar of Beogh.
    22 | D        | Found a hide-covered altar of Uskayaw.
    22 | D        | Found an ancient bone altar of Kikubaaqudgha.
    22 | D        | Found a shattered altar of Ashenzari.
    29 | D        | Became a worshipper of Vehumet
    88 | D        | Learned a level 2 spell: Searing Ray
   216 | D        | Reached * piety under Vehumet
   216 | D        | Offered knowledge of Sting by Vehumet.
   252 | D        | Reached ** piety under Vehumet
   254 | D        | Noticed a black bear
   260 | D        | HP: 1/22 [black bear (6)]
   260 | D        | Slain by a black bear

Skill      XL: |  1 |
---------------+----+-----
Conjurations   | 7 |  7.6
Dodging        | |  2.5
Stealth        | |  2.5
Spellcasting   | |  2.6

Action                   || total
-------------------------++-------
Melee: Trident           ||     6
       Kick              ||     1
 Cast: Magic Dart        ||    11
  Use: Potion            ||     1
 Stab: Sleeping          ||     1
Armor: Robe              ||     1
Dodge: Dodged            ||     6
